 Dungeon Crawl Stone Soup version 0.23-a0-619-g281719c (webtiles) character file.

4993 Jawreze the Markscentaur (level 10, 0/73 HPs)
             Began as a Centaur Hunter on Dec 22, 2018.
             Was a Follower of Okawaru.
             Slain by a manticore (4 damage)
             ... on level 11 of the Dungeon.
             The game lasted 00:20:37 (10537 turns).

Jawreze the Markscentaur (Centaur Hunter)          Turns: 10537, Time: 00:20:37

Health: 0/73       AC: 10    Str: 16    XL:     10   Next: 29%
Magic:  10/10      EV:  8    Int: 10    God:    Okawaru [*.....]
Gold:   372        SH:  0    Dex: 12    Spells: 9/9 levels left

rFire    . . .     SeeInvis .   a - +1 shortbow
rCold    . . .     Gourm    .   (shield currently unavailable)
rNeg     . . .     Faith    .   b - +2 ring mail {MR+}
rPois    .         Spirit   .   J - +0 helmet (curse)
rElec    .         Reflect  .   v - +0 cloak
rCorr    .         Harm     .   H - +0 pair of gloves
MR       +....                  (no barding)
Stlth    ..........             (no amulet)
HPRegen  0.22/turn              (no ring)
MPRegen  0.12/turn              (no ring)

@: barbed spikes, very quick
A: large, hooves 3, deformed body, speed 2, tough skin 3
a: Heroism, Renounce Religion


You were on level 11 of the Dungeon.
You worshipped Okawaru.
Okawaru was aware of your devotion.
You were hungry.

You visited 2 branches of the dungeon, and saw 11 of its levels.

You collected 372 gold pieces.

Inventory:

Hand Weapons
 a - a +1 shortbow (weapon)
 w - the +5 falchion of Summer {freeze, Str+5}
   (You found it on level 5 of the Dungeon)

   It has been specially enchanted to freeze those struck by it, causing extra
   injury to most foes and up to half again as much damage against particularly
   susceptible opponents.
   It can also slow down cold-blooded creatures.
   It affects your strength (+5).
Missiles
 d - 112 arrows (quivered)
 e - 4 javelins of returning
 O - 3 throwing nets
Armour
 b - a +2 ring mail of magic resistance (worn)
 c - a +1 leather armour
 n - a +3 leather armour of cold resistance
 s - a +2 ring mail of cold resistance
 v - a +0 cloak (worn)
 y - a +2 robe of positive energy
 H - a +0 pair of gloves (worn)
 J - a cursed +0 helmet (worn)
 P - a +3 plate armour
Jewellery
 m - an uncursed amulet of magic regeneration {unknown}
 o - an uncursed ring of protection from magic {unknown}
 q - a +6 ring of intelligence {unknown}
 B - an uncursed ring of fire {unknown}
 D - an uncursed ring of fire {unknown}
Wands
 M - a wand of disintegration (7)
 Q - a wand of acid (5)
Scrolls
 g - 8 scrolls of identify
 p - 2 scrolls of amnesia
 t - 2 scrolls of immolation
 F - a scroll of magic mapping
 G - a scroll of blinking
 K - a scroll of remove curse
 L - a scroll of teleportation
Potions
 h - 3 potions of curing {unknown}
 i - 4 potions of heal wounds
 k - 2 potions of haste {unknown}
 l - 2 potions of degeneration {unknown}
 r - 2 potions of might {unknown}
 u - a potion of magic {unknown}
 x - 2 potions of lignification {unknown}
 z - a potion of flight {unknown}
 A - a potion of brilliance {unknown}
 I - a potion of cancellation {unknown}
 N - a potion of agility {unknown}
Comestibles
 f - 18 rations


   Skills:
 + Level 2.0 Fighting
 * Level 18.6 Bows
 + Level 0.1 Armour
 + Level 1.4 Dodging
 - Level 0.4 Stealth


You had 9 spell levels left.
You didn't know any spells.
Your spell library was empty.

Dungeon Overview and Level Annotations

Branches:
Dungeon (9/15)             Temple (1/1) D:7            Lair (0/6) D:8
    Orc: D:9-12

Altars:
Ashenzari
Cheibriados
Dithmenos
Elyvilon
Fedhas
Gozag
Hepliaklqana
Kikubaaqudgha
Makhleb
Nemelex Xobeh
Okawaru
Qazlal
Ru
Sif Muna
Trog
Uskayaw
Vehumet
Wu Jian
Xom
Yredelemnul
Zin
The Shining One
Beogh


Innate Abilities, Weirdness & Mutations

You have hooves in place of feet.
Armour fits poorly on your strangely shaped body.
You cover ground very quickly.
You have extremely tough skin. (AC +3)


Message History

Press: ? - help, Shift-Dir - straight line, f/p - manticore
Aim: a manticore (severely wounded)
You shoot an arrow. The arrow hits the manticore.
The manticore is severely wounded.
Firing (i - inventory. (/) - cycle)
d - 114 arrows (quivered)
Press: ? - help, Shift-Dir - straight line, f/p - manticore
Aim: a manticore (severely wounded)
You shoot an arrow. The arrow hits the manticore.
The manticore is severely wounded.
The manticore barely misses you. The manticore claws you.
* * * LOW HITPOINT WARNING * * *
The manticore claws you!
* * * LOW HITPOINT WARNING * * *
Firing (i - inventory. (/) - cycle)
d - 113 arrows (quivered)
Press: ? - help, Shift-Dir - straight line, f/p - manticore
Aim: a manticore (severely wounded)
You shoot an arrow. The arrow hits the manticore.
The manticore is almost dead.
The manticore completely misses you. The manticore claws you.
You die...

#o## ##...## #.# #)#
##'## #.# #.# ##Y######
#.# #.## ##.......# #.#
...# #...####.# #.#
#..# #...# #.####.#
#..# ####...####......#
#..###.........#.######
#..............#@#
##.###..........H# #.#
####...####(# ##.#
#.......(# ...#
#...###### #### #####


You could see a manticore.

Vanquished Creatures
  Harold (D:8)
  Psyche (D:8)
  A komodo dragon (D:8)
  Grinder (D:3)
  Prince Ribbit (D:8)
  A spriggan (D:8)
  Sigmund (D:3)
  Edmund (D:3)
  A black bear (D:8)
  4 orc warriors
  2 sky beasts
  An ice beast (D:7)
  2 necrophages
  3 ogres
  2 centaurs
  2 big kobolds
  4 bullfrogs
  A gnoll sergeant (D:4)
  A water moccasin skeleton (D:7)
  A scorpion (D:6)
  A howler monkey (D:5)
  A centaur zombie (D:6)
  A jelly (D:6)
  2 orc priests
  A crimson imp (D:5)
  2 hounds
  A bullfrog skeleton (D:8)
  Jessica (D:3)
  2 orc wizards
  3 iguanas
  3 worker ants
  A howler monkey zombie (D:8)
  Robin (D:4)
  8 adders
  A howler monkey skeleton (D:6)
  22 gnolls
  2 shadow imps
  2 oozes (D:1)
  An adder skeleton (D:4)
  2 worms
  3 dart slugs
  7 leopard geckos
  50 orcs
  11 bats
  6 giant cockroaches
  11 hobgoblins
  10 jackals
  2 quokkas
  A ball python (D:5)
  5 frilled lizards
  10 goblins
  18 kobolds
  2 leopard gecko zombies
  6 rats
232 creatures vanquished.

Vanquished Creatures (others)
  A plant (D:8)
1 creature vanquished.

Grand Total: 233 creatures vanquished

Notes
Turn   | Place    | Note
-------+----------+-------------------------------------------
     0 | D:1      | Jawreze the Centaur Hunter began the quest for the Orb.
     0 | D:1      | Reached XP level 1. HP: 17/17 MP: 1/1
   174 | D:1      | Reached XP level 2. HP: 24/24 MP: 2/2
   177 | D:1      | Reached skill level 6 in Bows
   799 | D:1      | Reached XP level 3. HP: 23/29 MP: 3/3
  1015 | D:2      | Reached skill level 7 in Bows
  1153 | D:2      | Reached XP level 4. HP: 26/36 MP: 4/4
  1518 | D:2      | Reached skill level 8 in Bows
  1862 | D:2      | Reached XP level 5. HP: 41/41 MP: 5/5
  2068 | D:3      | Noticed Jessica
  2081 | D:3      | Killed Jessica
  2143 | D:3      | Reached skill level 9 in Bows
  2174 | D:3      | Noticed Sigmund
  2363 | D:3      | Killed Sigmund
  2363 | D:3      | Reached skill level 10 in Bows
  2363 | D:3      | Reached XP level 6. HP: 31/48 MP: 6/6
  2460 | D:3      | Noticed Grinder
  2951 | D:3      | Killed Grinder
  2951 | D:3      | Reached skill level 11 in Bows
  2951 | D:3      | Reached XP level 7. HP: 47/55 MP: 7/7
  3277 | D:4      | Noticed Edmund
  3331 | D:3      | Killed Edmund
  3637 | D:4      | Noticed Robin
  4143 | D:4      | Killed Robin
  4239 | D:4      | Reached skill level 12 in Bows
  4449 | D:5      | Entered Level 5 of the Dungeon
  4472 | D:5      | Found a hide-covered altar of Uskayaw.
  4488 | D:5      | Got a faintly glowing falchion
  4489 | D:5      | Identified the +5 falchion of Summer {freeze, Str+5} (You
                  | found it on level 5 of the Dungeon)
  4551 | D:5      | Found a blossoming altar of Fedhas.
  4615 | D:4      | Reached XP level 8. HP: 58/61 MP: 8/8
  4773 | D:5      | Reached skill level 13 in Bows
  5570 | D:6      | Reached skill level 14 in Bows
  6395 | D:6      | Reached skill level 15 in Bows
  6876 | D:6      | Reached XP level 9. HP: 67/67 MP: 9/9
  7197 | D:7      | Found a staircase to the Ecumenical Temple.
  7484 | D:7      | Reached skill level 16 in Bows
  7597 | Temple   | Entered the Ecumenical Temple
  7711 | Temple   | Became a worshipper of Warmaster Okawaru
  8170 | D:8      | Found a roughly hewn altar of Beogh.
  8571 | D:8      | Reached skill level 17 in Bows
  8626 | D:8      | Noticed Harold
  8672 | D:8      | Killed Harold
  8672 | D:8      | Reached * piety under Okawaru
  8672 | D:8      | Reached XP level 10. HP: 45/73 MP: 10/10
  8815 | D:8      | Found a staircase to the Lair.
  8888 | D:8      | Reached skill level 18 in Bows
  9224 | D:8      | Noticed Prince Ribbit
  9253 | D:8      | Killed Prince Ribbit
  9749 | D:8      | Noticed Psyche
 10217 | D:8      | Killed Psyche
 10367 | D:9      | You fall through a shaft for 2 floors!
 10387 | D:11     | Noticed a cyan ugly thing
 10522 | D:11     | Noticed a manticore
 10537 | D:11     | Slain by a manticore

Vault maps used:
D:1:      matt_arrival_los_fun
D:3:      first_ration, uniq_jessica, uniq_sigmund, uniq_grinder
D:4:      uniq_edmund, uniq_robin
D:5:      overflow_temple_1_default, fedhas_altar_2
D:6:      nrook_campfire, minmay_crystal_room, grunt_ministairs_15
D:7:      minmay_temple_entry_ruins
D:8:      david_lair_shrubbed, special_room, the_bakery, uniq_harold,
          uniq_prince_ribbit1, uniq_psyche
D:9:      minmay_orc_entry_guard_dogs, minmay_misc_feat_chi
D:11:     minmay_ruined_shrine
Temple:   kilobyte_greek_temple

Skill      XL: |  1  2  3  4  5  6  7  8  9 10 |
---------------+-------------------------------+-----
Bows           | 6 7 8 10 11 12 15 17 18 | 18.6
Fighting       | |  2.0
Armour         | |  0.1
Dodging        | |  1.4
Stealth        | |  0.4

Action                   |  1- 3 |  4- 6 |  7- 9 | 10-12 || total
-------------------------+-------+-------+-------+-------++-------
Melee: Short sword       |    84 |   117 |    62 |       ||   263
       Kick              |    17 |    21 |    64 |    10 ||   112
       Falchion          |       |       |   150 |    26 ||   176
 Fire: Shortbow          |    19 |    46 |   301 |   122 ||   488
Throw: Javelin           |    10 |    26 |       |       ||    36
  Use: Scroll            |       |       |     8 |     5 ||    13
  Eat: Chunk             |       |     5 |    15 |     4 ||    24
Armor: Leather armour    |    52 |    17 |    46 |       ||   115
       Robe              |       |    26 |     3 |       ||    29
       Ring mail         |       |       |    85 |    17 ||   102
Dodge: Dodged            |    59 |    58 |   142 |    28 ||   287
       Rpst.: Falchion   |       |       |    23 |     7 ||    30

Table legend:
 A = Non-vault XP
 B = Vault XP
 C = Vault XP percentage of total XP
 D = Non-vault monster count
 E = Vault monster count
 F = Vault count percentage of total count
                 A         B        C        D         E       F
            +---------+---------+-------+---------+---------+-------
      Total |    3599 |    3534 |  49.5 |     186 |      46 |  19.8
            +---------+---------+-------+---------+---------+-------
        D:1 |      48 |       0 |   0.0 |      21 |       0 |   0.0
        D:2 |     166 |       0 |   0.0 |      29 |       0 |   0.0
        D:3 |      91 |     700 |  88.5 |      31 |       8 |  20.5
        D:4 |     238 |      31 |  11.5 |      18 |       9 |  33.3
        D:5 |     659 |       0 |   0.0 |      23 |       0 |   0.0
        D:6 |     854 |     136 |  13.7 |      24 |       4 |  14.3
        D:7 |     803 |       0 |   0.0 |      14 |       0 |   0.0
        D:8 |     636 |    2667 |  80.7 |      20 |      25 |  55.6
        D:9 |     104 |       0 |   0.0 |       6 |       0 |   0.0
            +---------+---------+-------+---------+---------+-------
